 Dungeon Crawl Stone Soup version 0.28.0-43-g3370ac3207 (webtiles) character file.

Game seed: 228536063712841720

88 diana the Ruffian (level 4, 0/34 HPs)
             Began as a Demonspawn Gladiator on Mar 20, 2022.
             Killed from afar by an orc wizard (9 damage)
             ... with a puff of flame
             ... on level 3 of the Dungeon.
             The game lasted 00:03:17 (3062 turns).

diana the Ruffian (Demonspawn Gladiator)            Turns: 3062, Time: 00:03:18

Health: 0/34       AC: 10    Str: 16    XL:     4   Next: 30%
Magic:  4/4        EV: 12    Int:  9    God:
Gold:   118        SH:  0    Dex: 15    Spells: 3/3 levels left

rFire   . . .      SeeInvis .     - Unarmed
rCold   . . .      Faith    .   (no shield)
rNeg    . . .      Spirit   .   a - +0 leather armour
rPois   .          Reflect  .   b - +0 helmet
rElec   .          Harm     .   (no cloak)
rCorr   .          Rampage  .   (no gloves)
Will    .....                   (no boots)
Stlth   +.........              (no amulet)
HPRegen 0.11/turn               (no ring)
MPRegen 0.09/turn               (no ring)

@: sanguine armoured
A: hooves 1, powered by pain 1, sanguine armour 1
a: no special abilities


You were on level 3 of the Dungeon.
You visited 1 branch of the dungeon, and saw 3 of its levels.

You collected 118 gold pieces.

Inventory:

Missiles
 c - 3 throwing nets (quivered)
Armour
 a - a +0 leather armour (worn)
 b - a +0 helmet (worn)
Scrolls
 e - 2 scrolls of teleportation {unknown}
 i - a scroll of identify {unknown}
 j - a scroll of magic mapping {unknown}
 k - a scroll of enchant armour {unknown}
 m - a scroll of fog {unknown}
Potions
 d - a potion of heal wounds {unknown}
 f - a potion of ambrosia {unknown}
 g - a potion of brilliance {unknown}
 h - 2 potions of degeneration {unknown}
 l - a potion of magic {unknown}
 n - a potion of flight {unknown}
 o - a potion of might {unknown}


   Skills:
 + Level 2.7 Fighting
 - Level 1.7 Throwing
 + Level 3.3 Dodging
 * Level 3.8 Unarmed Combat


You had 3 spell levels left.
You didn't know any spells.
Your spell library was empty.

Dungeon Overview and Level Annotations

Branches:
Dungeon (3/15)

Altars:
Xom

Shops:
D:2 *


Innate Abilities, Weirdness & Mutations

You have large cloven feet.
You sometimes gain a little power by taking damage.
When seriously injured, your blood forms armour. (AC +6)


Message History

You closely miss something. Your kick misses something. Something hits you.
You're too confused to move!
You feel less confused. Something hits you but does no damage.
Something hits you but does no damage.
You miss something.
You hear some strange, mumbled words.
A magic dart appears from out of thin air!
The magic dart hits you but does no damage.
You miss something. Your kick misses something.
Something hits you but does no damage.
You closely miss something. Something hits you but does no damage.
You closely miss something. Your kick misses something.
Your punch misses something. Something hits you but does no damage.
You miss something. Your kick misses something.
You hear some strange, mumbled words.
You are confused.
Found a fuming grey potion.
You hear some strange, mumbled words.
A puff of flame appears from out of thin air!
The puff of flame misses you. Something barely misses you.
You're too confused to move!
Something hits you but does no damage.
You closely miss something. Something hits you but does no damage.
You bump into the rock wall.
You feel less confused.
You hear some strange, mumbled words.
You are confused.
Something hits you but does no damage. Something hits you.
A magic dart appears from out of thin air!
The magic dart hits you!
* * * LOW HITPOINT WARNING * * *
You bump into the rock wall.
You feel less confused.
You hear some strange, mumbled words.
A puff of flame appears from out of thin air!
The puff of flame hits you!
You die...

#.##.## #.#
#.#...########.#
#..............#
###.#...#######.##
.................#####
!.......#####.........
#####...# ##...#####
#...# ##.######
#@{.#######.......
#.)).........#####
###.###.##...#
#>....#.##...#
#.....#.##...#
#............#
......#.##...#
#....[.#.#...<#
#.######.#.#..#


There were no monsters in sight!

Vanquished Creatures
  Robin (D:3)
  An adder (D:2)
  3 dart slugs
  2 orcs (D:3)
  6 ball pythons
  5 bats
  4 endoplasms (D:1)
  2 giant cockroaches (D:1)
  11 goblins
  6 hobgoblins
  2 jackals (D:1)
  3 quokkas
  5 kobolds
  3 rats (D:1)
54 creatures vanquished.

Notes
Turn   | Place    | Note
-------+----------+-------------------------------------------
     0 | D:1      | diana the Demonspawn Gladiator began the quest for the Orb.
     0 | D:1      | Reached XP level 1. HP: 16/16 MP: 1/1
   553 | D:1      | Gained mutation: You have large cloven feet. [demonic
                  | ancestry]
   553 | D:1      | Reached XP level 2. HP: 22/22 MP: 2/2
   827 | D:1      | Found a faded altar of an unknown god.
  1125 | D:1      | Gained mutation: When seriously injured, your blood forms
                  | armour. (AC +6) [demonic ancestry]
  1125 | D:1      | Reached XP level 3. HP: 27/28 MP: 3/3
  1664 | D:2      | Found Oxoippur's Assorted Antiques.
  1951 | D:2      | Found a shimmering altar of Xom.
  2285 | D:3      | Noticed Robin
  2321 | D:2      | Gained mutation: You sometimes gain a little power by
                  | taking damage. [demonic ancestry]
  2321 | D:2      | Reached XP level 4. HP: 16/34 MP: 4/4
  2588 | D:3      | Killed Robin
  3062 | D:3      | Killed from afar by an orc wizard

Illustrated notes

Levels and vault maps discovered:
D:1:      lightli_arrival_noodles, layout_basic,
          hellmonk_ecumenical_altar_crossroads
D:2:      minmay_spotlight, layout_basic, basic_altar, serial_corexii_hall,
          chequers_hall_statues_y, corexii_hall_statues_i, serial_shops, shop,
          grunt_decor_fettered, chequers_serial_rivers_micro_c
D:3:      kennysheep_big_flooded_room, layout_loops_ring, uniq_ijyb, uniq_robin

Skill      XL: |  1  2 |
---------------+-------+-----
Unarmed Combat | 3 |  3.8
Dodging        | 3 |  3.3
Fighting       | |  2.7
Throwing       | |  1.7

Action                   |  1- 3 |  4- 6 || total
-------------------------+-------+-------++-------
Melee: Unarmed           |   130 |    32 ||   162
       Punch             |     2 |     2 ||     4
       Kick              |    24 |     5 ||    29
 Stab: Sleeping          |     2 |       ||     2
Armor: Leather armour    |    32 |    20 ||    52
Dodge: Dodged            |    67 |    17 ||    84
